 Dungeon Crawl Stone Soup version 0.25-a0-1007-g10a8c3caa8 (webtiles) character file.

Game seed: 1969028936597975340, levelgen mode: classic

22089 Amnesiac the Earth Mage (level 12, -1/59 HPs)
             Began as a Deep Elf Wizard on May 11, 2020.
             Was a High Priest of Vehumet.
             Hit by a large rock thrown by a stone giant (45 damage)
             ... on level 1 of the Orcish Mines.
             The game lasted 00:34:50 (17560 turns).

Amnesiac the Earth Mage (Deep Elf Wizard)          Turns: 17560, Time: 00:34:50

Health: -1/59      AC:  9    Str:  4    XL:     12   Next: 59%
Magic:  6/32       EV: 14    Int: 29    God:    Vehumet [*****.]
Gold:   523        SH:  0    Dex: 13    Spells: 10/39 levels left

rFire    + . .     SeeInvis .   a - +8 great sword "Zaskapt" {vorpal, rPois}
rCold    + . .     Gourm    .   (shield currently unavailable)
rNeg     . . .     Faith    .   w - +1 robe {rF+}
rPois    +         Spirit   .   l - +2 helmet
rElec    .         Reflect  .   g - +1 cloak
rCorr    .         Harm     .   v - +0 pair of gloves
MR       +....                  (no boots)
Stlth    ++........             (no amulet)
HPRegen  0.19/turn              x - ring of poison resistance
MPRegen  0.23/turn              r - ring of protection from cold

@: no status effects
A: no striking features
a: Renounce Religion


You were on level 1 of the Orcish Mines.
You worshipped Vehumet.
Vehumet was extremely pleased with you.
You were not hungry.

You visited 2 branches of the dungeon, and saw 12 of its levels.
You also visited: Bailey.

You collected 808 gold pieces.
You spent 285 gold pieces at shops.

Inventory:

Hand Weapons
 a - the +8 great sword "Zaskapt" (weapon) {vorpal, rPois}
   (You took it off Erolcha on level 10 of the Dungeon)

   It inflicts extra damage upon your enemies.
   It protects you from poison.
 K - a +3 scimitar
Missiles
 e - 178 stones (quivered)
 o - 54 poisoned darts
Armour
 g - a +1 cloak (worn)
 l - a +2 helmet (worn)
 v - a +0 pair of gloves (worn)
 w - a +1 robe of fire resistance (worn)
 C - the +0 kite shield "Kotewk" {rElec rPois rN+++ Str-4}
   (You found it in a bailey)

   It affects your strength (-4).
   It insulates you from electricity.
   It protects you from poison.
   It renders you almost immune to negative energy.
Jewellery
 k - an uncursed ring of teleportation
 r - a ring of protection from cold (right hand)
 x - a ring of poison resistance (left hand)
Wands
 j - a wand of flame (3)
 m - a wand of paralysis (7)
 E - a wand of acid (6)
 L - a wand of disintegration (13)
Scrolls
 c - 4 scrolls of magic mapping {!r}
 h - 7 scrolls of remove curse {!r}
 p - a scroll of random uselessness {!r, unknown}
 q - a scroll of fear {!r, unknown}
 t - 4 scrolls of teleportation {!r}
 u - 2 scrolls of blinking {!r}
 y - a scroll of amnesia {!r, unknown}
 A - a scroll of brand weapon {!r, unknown}
 B - 7 scrolls of identify {!r}
 G - a scroll of summoning {!r}
 J - a scroll of immolation {!r, unknown}
Potions
 i - 3 potions of lignification {!q}
 n - 4 potions of heal wounds {!q, unknown}
 s - 2 potions of haste {!q}
 z - 3 potions of curing {!q}
 D - a potion of ambrosia {!q, unknown}
 F - a potion of brilliance {!q}
 H - 3 potions of cancellation {!q, unknown}
 I - a potion of flight {!q, unknown}
 M - a potion of might {!q, unknown}
Miscellaneous
 f - a phantom mirror
Comestibles
 b - 5 chunks of flesh
 d - 30 rations


   Skills:
 - Level 3.8 Dodging
 - Level 3.0 Stealth
 + Level 2.6 Shields
 + Level 14.4 Spellcasting
 - Level 5.0 Conjurations
 - Level 1.1 Summonings
 - Level 1.1 Translocations
 - Level 3.0 Ice Magic
 * Level 16.8 Earth Magic
 - Level 3.0 Evocations


You had 10 spell levels left.
You knew the following spells:

 Your Spells              Type           Power        Failure   Level  Hunger
a - Magic Dart            Conj           ####         1%          1    None
b - Call Imp              Summ           ####....     2%          2    None
c - Fulminant Prism       Conj/Hex       #####.....   2%          4    None
d - Bolt of Magma         Conj/Fire/Erth ######....   1%          5    None
e - Mephitic Cloud        Conj/Pois/Air  ####....     1%          3    None
f - Sandblast             Erth           ######       0%          1    None
g - Frozen Ramparts       Ice            #####.       1%          3    None
h - Ozocubu's Armour      Chrm/Ice       ####....     3%          3    None
s - Conjure Flame         Conj/Fire      #####...     1%          3    None
v - Blink                 Tloc           N/A          2%          2    None
z - Swiftness             Chrm/Air       ###.....     3%          2    None

Your spell library contained the following spells:

 Spells                   Type           Power        Failure   Level  Hunger
 Spellforged Servitor     Conj/Summ      #####.....   78%         7    #####..
 Freeze                   Ice            ####         1%          1    None
 Shock                    Conj/Air       ####         1%          1    None
 Ensorcelled Hibernation  Hex/Ice        ####..       1%          2    None
 Dazzling Flash           Conj/Hex       #####.       1%          3    None
 Static Discharge         Conj/Air       #####...     1%          3    None
 Hailstorm                Conj/Ice       #####...     1%          4    None
 Beastly Appendage        Tmut           ###...       2%          1    None
 Corona                   Hex            ###....      2%          1    None
 Slow                     Hex            ###.....     3%          2    None
 Sticks to Snakes         Tmut           ###.....     3%          2    None
 Confusing Touch          Hex            ###.....     7%          3    None
 Spider Form              Tmut/Pois      ###.......   7%          3    None
 Tukima's Dance           Hex            ###.....     7%          3    None
 Airstrike                Air            ###.......   7%          4    None
 Lightning Bolt           Conj/Air       #####.....   7%          5    None
 Summon Ice Beast         Ice/Summ       ####....     10%         4    None
 Ice Form                 Ice/Tmut       ####....     13%         4    None
 Blade Hands              Tmut           ###.......   54%         5    None


Dungeon Overview and Level Annotations

Branches:
Dungeon (11/15)            Temple (0/1) D:5            Lair (0/6) D:8
    Orc (1/2) D:9          Bailey (visited)

Altars:
Ashenzari
Cheibriados
Dithmenos
Elyvilon
Fedhas
Hepliaklqana
Trog
Vehumet
Xom
Yredelemnul
Beogh

Shops:
D:4 ?


Message History

The orc warrior throws a boomerang.
The boomerang barely misses you.
The weapon returns to the orc warrior!
The orc closely misses you.
You riposte.
You slash the orc!
You kill the orc!
Vehumet accepts your kill.
You feel your power returning.
An orc comes into view. It is wielding a +0 mace.
The orc hits you with a +0 club.
Casting: Bolt of Magma (dangerous; 1% risk of failure)
Confirm with . or Enter, or press ? or * to list all spells.
Aiming: Bolt of Magma (dangerous; 1% risk of failure)
Press: ? - help, Shift-Dir - straight line, f - orc
Aim: an orc, wielding a +0 club, wearing a +3 leather armour and quivering a boomerang of dispersal
Okay, then.
The orc warrior throws a boomerang.
The boomerang hits you!
The weapon returns to the orc warrior!
The orc throws a boomerang of dispersal.
The boomerang of dispersal closely misses you.
Casting: Bolt of Magma (dangerous; 1% risk of failure)
Confirm with . or Enter, or press ? or * to list all spells.
Aiming: Bolt of Magma (dangerous; 1% risk of failure)
Press: ? - help, Shift-Dir - straight line, f - orc warrior
Aim: an orc warrior, wielding a +0 flail and wearing a +0 chain mail The bolt of magma hits the orc warrior!!
You kill the orc warrior!
Vehumet accepts your kill.
The bolt of magma hits the orc warrior!!
You kill the orc warrior!
Vehumet accepts your kill.
You feel your power returning.
Unknown command.
You barely miss the orc. The orc hits you but does no damage.
You slash the orc!
You kill the orc!
Vehumet accepts your kill.
You feel your power returning. The orc misses you.
You hit the orc.
You kill the orc!
Vehumet accepts your kill.
A stone giant comes into view.
The orc misses you.
You riposte.
The stone giant shouts!
You slash the orc!
You kill the orc!
Vehumet accepts your kill.
You barely miss the orc. The orc hits you but does no damage.
An orc comes into view. It is wielding a +0 hand axe.
The orc hits you with a +0 mace. The orc barely misses you.
You riposte.
You barely miss the orc.
The orc shouts!
You hit the orc but do no damage. The orc barely misses you.
You riposte.
You slash the orc!
You kill the orc!
Vehumet accepts your kill.
You feel your power returning. The orc barely misses you.
You riposte.
You barely miss the orc. The orc closely misses you.
You riposte.
You slash the orc!
You kill the orc!
Vehumet accepts your kill.
The stone giant throws a large rock.
The large rock hits you.
Items here: $ ( )))) [[[ ††† The stone giant throws a large rock.
The large rock hits you!!!
Ouch! That really hurt!
You die...

### ## ##..##.##
## #.......##.##
#..$....#...#
#..........##
............#
.......@....##
......)([....#
....).........#
.....C..)...$...
....o^.........#
....)..)#.......
........##...#.#
.......#. #...##
....... . ..##


You could see a stone giant and an orc.

Vanquished Creatures
  Erolcha (D:10)
  A death knight (D:11)
  7 two-headed ogres
  3 death yaks
  Pikel (D:5)
  An ugly thing (D:11)
  2 orc knights (Bailey)
  2 manticores (D:11)
  A centaur zombie (D:11)
  A komodo dragon (D:9)
  A troll (D:10)
  3 hippogriffs
  Sigmund (D:6)
  4 yaks (D:10)
  Eustachio (D:5)
  A wraith (D:11)
  A wyvern (D:11)
  2 hungry ghosts
  An acid dragon (D:11)
  2 water moccasins (D:10)
  A porcupine (D:8)
  3 black bears
  20 orc warriors
  4 slaves (D:6)
  An ice beast (D:5)
  4 sky beasts
  22 ogres
  A necrophage (D:10)
  3 phantoms
  A crocodile (D:10)
  11 centaurs
  8 bullfrogs
  Blork the orc (D:6)
  4 jellies
  4 scorpions
  11 killer bees
  A water moccasin skeleton (D:6)
  13 wights
  2 howler monkeys
  An electric eel (D:10)
  4 crimson imps
  2 bullfrog skeletons
  2 centaur skeletons
  3 hounds
  Crazy Yiuf (D:2)
  10 orc priests
  9 orc wizards
  5 iguanas
  A hell rat (D:8)
  6 worker ants
  A hound zombie (D:9)
  Robin (D:2)
  3 gnolls (D:9)
  14 adders
  A river rat (D:8)
  A shadow imp (D:8)
  2 oozes (D:1)
  4 worms
  A dart slug (D:2)
  9 leopard geckos
  53 orcs
  A bat (D:1)
  6 giant cockroaches
  22 goblins
  12 hobgoblins
  22 jackals
  7 kobolds
  10 quokkas
  8 ball pythons
  2 frilled lizards
  9 rats
385 creatures vanquished.

Vanquished Creatures (collateral kills)
  A worm (D:4)
  A jackal (D:4)
2 creatures vanquished.

Vanquished Creatures (others)
  11 fulminant prisms
11 creatures vanquished.

Grand Total: 398 creatures vanquished

Notes
Turn   | Place    | Note
-------+----------+-------------------------------------------
     0 | D:1      | Amnesiac the Deep Elf Wizard began the quest for the Orb.
     0 | D:1      | Reached XP level 1. HP: 10/10 MP: 7/7
   176 | D:1      | Reached XP level 2. HP: 15/15 MP: 4/9
   180 | D:1      | Learned a level 2 spell: Blink
   183 | D:1      | Learned a level 2 spell: Call Imp
   516 | D:2      | Reached XP level 3. HP: 19/19 MP: 7/11
   677 | D:2      | Noticed Robin
   921 | D:2      | Killed Robin
   921 | D:2      | Reached XP level 4. HP: 24/24 MP: 5/12
  1370 | D:2      | Found a radiant altar of Vehumet.
  1378 | D:2      | Became a worshipper of Vehumet
  1636 | D:2      | Found a runed translucent door.
  1637 | D:2      | Noticed Crazy Yiuf
  2155 | D:1      | You fall into a shaft and drop 1 floor!
  2160 | D:2      | Learned a level 3 spell: Conjure Flame
  2164 | D:2      | Learned a level 3 spell: Mephitic Cloud
  2729 | D:3      | Found a shadowy altar of Dithmenos.
  2820 | D:3      | Reached * piety under Vehumet
  2820 | D:3      | Offered knowledge of Sandblast by Vehumet.
  2908 | D:3      | Found a white marble altar of Elyvilon.
  3122 | D:3      | Learned a level 1 spell: Sandblast
  3123 | D:3      | Reached XP level 5. HP: 28/28 MP: 11/13
  3412 | D:3      | Found a basalt altar of Yredelemnul.
  3566 | D:2      | Found a radiant altar of Vehumet.
  3746 | D:2      | Killed Crazy Yiuf
  3746 | D:2      | Reached skill level 5 in Conjurations
  4208 | D:4      | Noticed a centaur
  4220 | D:4      | Killed a centaur
  4220 | D:4      | Reached skill level 2 in Earth Magic
  4245 | D:4      | Reached skill level 3 in Earth Magic
  4442 | D:4      | Noticed an ogre
  4458 | D:4      | Killed an ogre
  4458 | D:4      | Reached skill level 4 in Earth Magic
  4458 | D:4      | Reached XP level 6. HP: 32/32 MP: 5/14
  5409 | D:4      | Found Oseugr Pidd's Magic Scroll Emporium.
  5414 | D:4      | Bought a scroll of blinking for 97 gold pieces
  5414 | D:4      | Bought a scroll of magic mapping for 45 gold pieces
  5781 | D:4      | Bought a scroll of teleportation for 39 gold pieces
  5883 | D:5      | Entered Level 5 of the Dungeon
  5908 | D:5      | Found a staircase to the Ecumenical Temple.
  5924 | D:5      | Noticed an ice beast
  5935 | D:5      | Killed an ice beast
  5935 | D:5      | Reached skill level 5 in Earth Magic
  5935 | D:5      | Reached XP level 7. HP: 36/36 MP: 2/16
  6195 | D:5      | Reached skill level 5 in Spellcasting
  6376 | D:5      | Reached skill level 6 in Earth Magic
  6743 | D:5      | Found a hazy altar of Hepliaklqana.
  6744 | D:5      | Found a snail-covered altar of Cheibriados.
  6744 | D:5      | Found a blossoming altar of Fedhas.
  7203 | D:5      | Reached skill level 7 in Earth Magic
  7368 | D:6      | Found a shimmering altar of Xom.
  7374 | D:6      | Reached ** piety under Vehumet
  7374 | D:6      | Offered knowledge of Shock by Vehumet.
  7397 | D:6      | Reached XP level 8. HP: 41/41 MP: 3/19
  7561 | D:6      | Noticed Sigmund
  7566 | D:6      | Killed Sigmund
  7566 | D:6      | Reached skill level 8 in Earth Magic
  7599 | D:6      | Noticed Blork the orc
  7752 | D:6      | Killed Blork the orc
  7882 | D:6      | Reached skill level 9 in Earth Magic
  8038 | D:4      | Bought a scroll of identify for 26 gold pieces
  8042 | D:4      | Bought a scroll of identify for 26 gold pieces
  8042 | D:4      | Bought a scroll of identify for 26 gold pieces
  8042 | D:4      | Bought a scroll of identify for 26 gold pieces
  8118 | D:6      | Noticed Eustachio
  8118 | D:6      | Noticed Pikel
  8141 | D:5      | Killed Pikel
  8141 | D:5      | Reached XP level 9. HP: 34/45 MP: 10/23
  8172 | D:5      | Killed Eustachio
  8172 | D:5      | Reached skill level 10 in Earth Magic
  8610 | D:7      | Reached skill level 1 in Evocations
  8643 | D:7      | Offered knowledge of Static Discharge by Vehumet.
  8644 | D:7      | Found a flagged portal.
  8722 | Bailey   | Entered a bailey
  9013 | Bailey   | Reached *** piety under Vehumet
  9121 | Bailey   | Noticed an orc knight
  9122 | Bailey   | Noticed an orc knight
  9129 | Bailey   | Killed an orc knight
  9129 | Bailey   | Reached skill level 11 in Earth Magic
  9133 | Bailey   | Killed an orc knight
  9153 | Bailey   | Reached skill level 10 in Spellcasting
  9209 | Bailey   | Got a blackened kite shield
  9305 | D:7      | Reached XP level 10. HP: 39/50 MP: 14/26
  9317 | D:7      | Offered knowledge of Fulminant Prism by Vehumet.
  9464 | D:7      | Learned a level 4 spell: Fulminant Prism
  9689 | D:7      | Reached skill level 12 in Earth Magic
  9728 | D:7      | Identified the cursed +0 kite shield "Kotewk" {rElec rPois
                  | rN+++ Str-4} (You found it in a bailey)
  9728 | D:7      | Lost strength.
 10123 | D:7      | Learned a level 2 spell: Swiftness
 10669 | D:8      | Reached **** piety under Vehumet
 10795 | D:8      | Offered knowledge of Bolt of Magma by Vehumet.
 10806 | D:8      | Learned a level 5 spell: Bolt of Magma
 10833 | D:8      | Noticed a two-headed ogre
 10838 | D:8      | Killed a two-headed ogre
 10838 | D:8      | Reached skill level 13 in Earth Magic
 11066 | D:8      | Found a staircase to the Lair.
 11066 | D:8      | Noticed a death yak
 11066 | D:8      | Noticed a death yak
 11066 | D:8      | Noticed a death yak
 11394 | D:7      | Killed a death yak
 11577 | D:8      | Killed a death yak
 11580 | D:8      | Killed a death yak
 11580 | D:8      | Reached XP level 11. HP: 35/54 MP: 1/28
 11771 | D:8      | Found a bloodstained altar of Trog.
 11999 | D:9      | Learned a level 3 spell: Frozen Ramparts
 12003 | D:9      | Learned a level 3 spell: Ozocubu's Armour
 12025 | D:9      | Reached skill level 14 in Earth Magic
 12220 | D:9      | Found a shattered altar of Ashenzari.
 12242 | D:9      | Reached skill level 1 in Ice Magic
 12285 | D:10     | Entered Level 10 of the Dungeon
 13148 | D:9      | Found a staircase to the Orcish Mines.
 13149 | D:9      | Found a roughly hewn altar of Beogh.
 13845 | D:10     | Reached ***** piety under Vehumet
 13845 | D:10     | Offered knowledge of Sticky Flame by Vehumet.
 14619 | D:10     | Noticed a two-headed ogre
 14620 | D:10     | Noticed a two-headed ogre
 14621 | D:10     | Noticed a two-headed ogre
 14625 | D:10     | Reached skill level 15 in Earth Magic
 14627 | D:10     | Killed a two-headed ogre
 14627 | D:10     | Killed a two-headed ogre
 14632 | D:10     | Killed a two-headed ogre
 14674 | D:10     | Noticed a two-headed ogre
 14683 | D:10     | Killed a two-headed ogre
 14733 | D:10     | Noticed a two-headed ogre
 14745 | D:10     | Killed a two-headed ogre
 14745 | D:10     | Reached XP level 12. HP: 28/59 MP: 1/31
 14910 | D:10     | Noticed a two-headed ogre
 14927 | D:10     | Killed a two-headed ogre
 15234 | D:10     | Identified the +8 great sword "Zaskapt" {vorpal, rPois}
 15234 | D:10     | Noticed Erolcha
 15236 | D:10     | Killed Erolcha
 15236 | D:10     | Reached skill level 16 in Earth Magic
 16065 | D:11     | Reached skill level 1 in Shields
 16109 | D:11     | Noticed a death knight
 16116 | D:11     | Killed a death knight
 17149 | D:11     | Offered knowledge of Spellforged Servitor by Vehumet.
 17540 | Orc:1    | Entered Level 1 of the Orcish Mines
 17556 | Orc:1    | Noticed a stone giant
 17560 | Orc:1    | Hit by a large rock thrown by a stone giant

Illustrated notes

Levels and vault maps discovered:
D:1:      onia_arrival_handbag, layout_rooms
D:2:      layout_basic, vehumet_crystals, kennysheep_generic_room_15,
          uniq_crazy_yiuf_cottage, uniq_robin
D:3:      layout_loops_cross, kennysheep_ying_yang, grunt_dithmenos_smoke,
          first_ration, small_statue_intersection
D:4:      layout_layer_cave, serial_shops, shop, kennysheep_windowed_goal
D:5:      layout_loops_corners, chequers_temple_overflow_statue_of_worship,
          minmay_temple_entry_glassed_door
D:6:      layout_cave_pools, basic_altar, uniq_eustachio, uniq_blork_the_orc,
          uniq_sigmund, uniq_pikel
D:7:      layout_basic, enter_bailey_3
D:8:      layout_cave_pools, kennysheep_mini, dpeg_lair_monsters
D:9:      layout_rooms, cheibrodos_ashenzari_chains, david_orc_5,
          chequers_serial_rivers_micro_e
D:10:     lemuel_ogre_cave, layout_basic, grunt_ogre_cave
D:11:     layout_irregular_city
Orc:1:    layout_caves, serial_shops, shop

Skill      XL: |  1  2  3  4  5  6  7  8  9 10 11 12 |
---------------+-------------------------------------+-----
Conjurations   | 2 3 4 5 |  5.0
Stealth        | 3 |  3.0
Dodging        | 3 |  3.8
Earth Magic    | 4 5 7 9 11 13 15 16 | 16.8
Spellcasting   | 6 8 10 11 13 14 | 14.4
Evocations     | 3 |  3.0
Ice Magic      | 3 |  3.0
Shields        | 2 |  2.6
Summonings     | |  1.1
Translocations | |  1.1

Action                   |  1- 3 |  4- 6 |  7- 9 | 10-12 || total
-------------------------+-------+-------+-------+-------++-------
Melee: Dagger            |       |    21 |    12 |       ||    33
       Scimitar          |       |       |       |    49 ||    49
       Great sword       |       |       |       |    19 ||    19
 Fire: Hunting sling     |       |       |     4 |       ||     4
 Cast: Magic Dart        |    69 |   162 |   203 |   231 ||   665
       Call Imp          |       |     5 |       |       ||     5
       Mephitic Cloud    |       |     2 |    24 |    20 ||    46
       Conjure Flame     |       |     1 |       |       ||     1
       Sandblast         |       |       |    24 |    18 ||    42
       Blink             |       |       |     1 |     3 ||     4
       Fulminant Prism   |       |       |       |    11 ||    11
       Bolt of Magma     |       |       |       |   154 ||   154
       Frozen Ramparts   |       |       |       |     1 ||     1
Evoke: Wand              |       |       |       |    14 ||    14
  Use: Scroll            |       |     1 |     8 |     1 ||    10
 Stab: Sleeping          |       |       |     1 |       ||     1
       Confused          |       |       |       |     1 ||     1
  Eat: Chunk             |       |    13 |     8 |    32 ||    53
       Ration            |       |       |     1 |     1 ||     2
Armor: Robe              |       |     9 |     9 |    64 ||    82
Dodge: Dodged            |     5 |    31 |    41 |   183 ||   260
       Rpst.: Scimitar   |       |       |       |    33 ||    33
       Great sword       |       |       |       |    15 ||    15

Table legend:
 A = Non-vault XP
 B = Vault XP
 C = Vault XP percentage of total XP
 D = Non-vault monster count
 E = Vault monster count
 F = Vault count percentage of total count
                 A         B        C        D         E       F
            +---------+---------+-------+---------+---------+-------
      Total |   16707 |   14849 |  47.1 |     279 |     104 |  27.2
            +---------+---------+-------+---------+---------+-------
        D:1 |      49 |      10 |  16.9 |      23 |       4 |  14.8
        D:2 |      72 |      84 |  53.8 |      23 |      16 |  41.0
        D:3 |      32 |       0 |   0.0 |      16 |       0 |   0.0
        D:4 |     367 |       3 |   0.8 |      15 |       1 |   6.2
        D:5 |     726 |     802 |  52.5 |      19 |       2 |   9.5
        D:6 |     707 |     307 |  30.3 |      17 |       2 |  10.5
        D:7 |    1681 |     864 |  33.9 |      33 |       5 |  13.2
        D:8 |    2005 |    1938 |  49.2 |      25 |      10 |  28.6
        D:9 |    1058 |    1342 |  55.9 |      15 |      23 |  60.5
       D:10 |    3174 |    7741 |  70.9 |      34 |      22 |  39.3
       D:11 |    6247 |       0 |   0.0 |      43 |       0 |   0.0
      Orc:1 |     589 |       0 |   0.0 |      16 |       0 |   0.0
     Bailey |       0 |    1758 | 100.0 |       0 |      19 | 100.0
            +---------+---------+-------+---------+---------+-------
